 Dungeon Crawl Stone Soup version 0.31.0-9-g3a7656b989 (webtiles) character file.

Game seed: 1381127010594954999

86 qw the Shooter (level 4, -1/36 HPs)
             Began as a Demigod Hunter on Feb 2, 2024.
             Slain by Sigmund
             ... wielding a +0 scythe
              (7 damage)
             ... on level 2 of the Dungeon.
             The game lasted 00:00:06 (1194 turns).

qw the Shooter (Demigod Hunter)                     Turns: 1194, Time: 00:00:07

Health: -1/36      AC:  5    Str: 12    XL:     4   Next: 5%
Magic:  6/6        EV: 11    Int: 11    God:
Gold:   109        SH:  0    Dex: 21    Spells: 3/3 levels left

rFire   . . .        a - +0 shortbow
rCold   . . .        (shield currently unavailable)
rNeg    + . .        g - +0 ring mail {rN+}
rPois   .            (no helmet)
rElec   .            (no cloak)
rCorr   +            (no gloves)
SInv    .            (no boots)
Will    .....        (no amulet)
Stlth   +            d - ring of resist corrosion
HPRegen 0.26/turn    (no ring)
MPRegen 0.10/turn

%: no passive effects
@: no status effects
A: high MP 1, forlorn, divine attributes
a: no special abilities


You were on level 2 of the Dungeon.
You visited 1 branch of the dungeon, and saw 2 of its levels.

You collected 109 gold pieces.


Innate Abilities, Weirdness & Mutations

You have an increased reservoir of magic. (+10% MP)
You shall have no god before yourself.
Your divine heritage dramatically boosts your attributes as you level up.


   Skills:
 - Level 2.0 Fighting
 - Level 5.0 Ranged Weapons
 + Level 0.7 Armour
 - Level 2.0 Dodging
 - Level 0.8 Stealth


You had 3 spell levels left.
You didn't know any spells.
Your spell library was empty.

Inventory:

Hand Weapons
 a - a +0 shortbow (weapon)
Armour
 g - a +0 ring mail of positive energy (worn)
Jewellery
 d - a ring of resist corrosion (left hand)
Scrolls
 e - a scroll of silence {unknown}
 f - 4 scrolls of teleportation
 h - a scroll of poison {unknown}
 i - a scroll of enchant weapon {unknown}
 l - a scroll of identify
Potions
 b - a potion of heal wounds {unknown}
 c - a potion of haste {unknown}
 j - a potion of enlightenment
 k - a potion of curing

Dungeon Overview and Level Annotations

Branches:
Dungeon (2/15)

Annotations:
D:2 Sigmund


Message History

You shoot an arrow. The arrow hits Sigmund.
Sigmund is moderately wounded.
You shoot an arrow.
The arrow hits Sigmund but does no damage.
Sigmund is moderately wounded.
You shoot an arrow. The arrow hits Sigmund.
Sigmund is moderately wounded.
Sigmund gestures wildly while chanting.
Sigmund flickers and vanishes!
Deactivating autopickup; reactivate with Ctrl-A.
You shoot an arrow. You shoot an arrow. Something hits you.
You shoot an arrow. Something hits you.
You shoot an arrow. Something hits you.
You shoot an arrow. You shoot an arrow. Something hits you.
You shoot an arrow.
You hear some strange, mumbled words.
Something tries to affect you, but you resist.
You shoot an arrow. Something barely misses you.
You shoot an arrow. Something hits you!
You shoot an arrow. Something hits you but does no damage.
You shoot an arrow. Something hits you!
You shoot an arrow.
You hear some strange, mumbled words.
A puff of flame appears from out of thin air!
The puff of flame hits you!
You shoot an arrow. Something hits you but does no damage.
You shoot an arrow. Something hits you!
You die...

..#### #...###......... #....##
##....###...#### #.....## ##
#.....#..#..# .......# #.#
##...(#....#..#
.......##.#.####...##.....#..#
.........# #...................
#.....#.#.#.####.{..##########.#
#....##.##.# ##.#.# .#
#.#.##.#.#.#####@...####### #
#.#...###..................
#.####.#.#.#####...#.###.##
.......^....#####.##.#
..#####.##.....##.##.# ###
#.###...%.<....#
#.#####...#.####
######...........#
#.......####...###


There were no monsters in sight!

Vanquished Creatures
  2 adders (D:2)
  A dart slug (D:2)
  3 ribbon worms (D:2)
  A bat (D:2)
  4 endoplasms
  2 giant cockroaches
  6 goblins
  8 hobgoblins
  6 jackals (D:1)
  2 quokkas
  6 ball pythons
  4 frilled lizards
  6 kobolds
  4 rats
55 creatures vanquished.

Notes
Turn   | Place    | Note
-------+----------+-------------------------------------------
     0 | D:1      | qw the Demigod Hunter began the quest for the Orb.
     0 | D:1      | Reached XP level 1. HP: 17/17 MP: 3/3
     0 | D:1      | 0 ||| qw: Version: 0.3-a-155-g5e7d8dd
     0 | D:1      | 0 ||| qw: Game counter: 131
     0 | D:1      | 0 ||| qw: Melee chars always use a shield: true
     0 | D:1      | 0 ||| qw: God list: Okawaru
     0 | D:1      | 0 ||| qw: Allow faded altars: false
     0 | D:1      | 0 ||| qw: Do Orc after clearing Dungeon:15 true
     0 | D:1      | 0 ||| qw: Do second Lair branch before Depths: true
     0 | D:1      | 0 ||| qw: Lair rune preference: random
     0 | D:1      | 0 ||| qw: Goals: Normal
     0 | D:1      | 0 ||| PLANNING D:1-11
   124 | D:1      | Reached skill level 4 in Ranged Weapons
   135 | D:1      | Reached XP level 2. HP: 19/24 MP: 4/4
   582 | D:1      | Reached XP level 3. HP: 29/29 MP: 5/5
   674 | D:1      | 674 ||| UPGRADING to +0 ring mail of positive energy.
   684 | D:1      | 684 ||| DROPPING +0 leather armour.
   685 | D:1      | 685 ||| UPGRADING to ring of resist corrosion.
   686 | D:1      | 686 ||| READING 3 scrolls labelled LEATUCUKKA.
   686 | D:1      | 686 ||| IDENTIFYING bubbling blue potion
   687 | D:1      | 687 ||| READING 2 scrolls of identify.
   687 | D:1      | 687 ||| IDENTIFYING green potion
   688 | D:1      | 688 ||| READING scroll of identify.
   688 | D:1      | 688 ||| IDENTIFYING yellow potion
   689 | D:1      | 689 ||| READING 2 scrolls labelled ZAKHERGH PAASS.
   692 | D:1      | 692 ||| READING scroll labelled KOANTIHASA.
   693 | D:1      | 693 ||| DROPPING scroll of butterflies.
   694 | D:1      | 694 ||| DROPPING potion of attraction.
  1037 | D:2      | Reached skill level 5 in Ranged Weapons
  1116 | D:2      | Reached XP level 4. HP: 36/36 MP: 6/6
  1157 | D:2      | Noticed Sigmund
  1158 | D:2      | 1158 ||| FLEEEEING.
  1159 | D:2      | 1159 ||| FLEEEEING.
  1160 | D:2      | 1160 ||| FLEEEEING.
  1162 | D:2      | 1162 ||| FLEEEEING.
  1164 | D:2      | 1164 ||| FLEEEEING.
  1165 | D:2      | 1165 ||| FLEEEEING.
  1166 | D:2      | 1166 ||| FLEEEEING.
  1167 | D:2      | 1167 ||| FLEEEEING.
  1168 | D:2      | 1168 ||| FLEEEEING.
  1169 | D:2      | 1169 ||| FLEEEEING.
  1170 | D:2      | 1170 ||| FLEEEEING.
  1171 | D:2      | 1171 ||| FLEEEEING.
  1172 | D:2      | 1172 ||| DRINKING 3 potions of curing.
  1172 | D:2      | 1172 ||| (to cure confusion)
  1173 | D:2      | 1173 ||| DRINKING 2 potions of curing.
  1173 | D:2      | 1173 ||| (to cure confusion)
  1175 | D:2      | 1175 ||| FLEEEEING.
  1176 | D:2      | 1176 ||| FLEEEEING.
  1177 | D:2      | 1177 ||| FLEEEEING.
  1192 | D:2      | HP: 6/36 [something/puff of flame (12)]
  1194 | D:2      | Slain by Sigmund

Levels and vault maps discovered:
D:1:      dpeg_arrival_triangle_fractal, layout_basic,
          amcnicky_mini_rare_corridor_liquid, serial_bayou_pond_b,
          minmay_misc_feat_rows
D:2:      minmay_diamond_boxcup, layout_loops_ring, minmay_misc_feat_chi,
          minmay_randomly_rotated_circles, uniq_sigmund

Skill      XL: |  1  2  3 |
---------------+----------+-----
Ranged Weapons | 4 5 |  5.0
Fighting       | 2 |  2.0
Dodging        | 2 |  2.0
Armour         | |  0.7
Stealth        | |  0.8

Action                     |  1- 3 |  4- 6 || total
---------------------------+-------+-------++-------
   Fire: Shortbow          |   153 |    26 ||   179
    Use: Scroll            |     5 |       ||     5
         Potion            |       |     2 ||     2
 Armour: Leather armour    |    27 |       ||    27
         Ring mail         |     5 |    15 ||    20
  Dodge: Dodged            |    41 |     1 ||    42

Table legend:
 A = Non-vault XP
 B = Vault XP
 C = Vault XP percentage of total XP
 D = Non-vault monster count
 E = Vault monster count
 F = Vault count percentage of total count
                 A         B        C        D         E       F
            +---------+---------+-------+---------+---------+-------
      Total |      92 |      31 |  25.2 |      45 |      10 |  18.2
            +---------+---------+-------+---------+---------+-------
        D:1 |      50 |       6 |  10.7 |      29 |       4 |  12.1
        D:2 |      42 |      25 |  37.3 |      16 |       6 |  27.3
            +---------+---------+-------+---------+---------+-------
